 Dungeon Crawl Stone Soup version 0.30-a0-377-g5cb311bc9f (webtiles) character file.

Game seed: 16355330980800891619

90 bande the Trooper (level 4, 0/29 HPs)
             Began as a Gargoyle Fighter on Nov 29, 2022.
             Slain by a gnoll
             ... wielding a +0 whip
              (3 damage)
             ... on level 3 of the Dungeon.
             The game lasted 00:01:58 (1544 turns).

bande the Trooper (Gargoyle Fighter)                Turns: 1544, Time: 00:01:58

Health: 0/29       AC: 10    Str: 20    XL:     4   Next: 56%
Magic:  4/4        EV:  9    Int:  8    God:
Gold:   121        SH:  4    Dex: 11    Spells: 3/3 levels left

rFire   . . .      SeeInvis .    a - +0 war axe
rCold   . . .      Faith    .    c - +0 buckler
rNeg    + . .      Spirit   .    b - +0 scale mail
rPois   ∞          Reflect  .    (no helmet)
rElec   +          Harm     .    (no cloak)
rCorr   .          Rampage  .    (no gloves)
Will    .....                    (no boots)
Stlth   ..........               (no amulet)
HPRegen 0.24/turn                (no ring)
MPRegen 0.09/turn                (no ring)

@: no status effects
A: sickness immunity, AC +3, negative energy resistance 1, electricity
resistance, torment resistance 1, petrification resistance
a: no special abilities


You were on level 3 of the Dungeon.
You visited 1 branch of the dungeon, and saw 3 of its levels.

You collected 121 gold pieces.

Inventory:

Hand Weapons
 a - a +0 war axe (weapon)
 h - a +0 flail
Armour
 b - a +0 scale mail (worn)
 c - a +0 buckler (worn)
Scrolls
 e - 4 scrolls of identify {unknown}
 f - a scroll of poison {unknown}
 j - a scroll of brand weapon {unknown}
 k - a scroll of teleportation {unknown}
 l - a scroll of enchant armour {unknown}
Potions
 d - 2 potions of might
 g - a potion of degeneration {unknown}
 i - a potion of heal wounds {unknown}


   Skills:
 + Level 3.9 Fighting
 + Level 3.0 Axes
 + Level 3.7 Armour
 + Level 3.8 Shields


You had 3 spell levels left.
You didn't know any spells.
Your spell library contained the following spells:

 Spells                   Type           Power      Damage    Failure   Level
 Summon Guardian Golem    Hex/Summ       0%         N/A       99%         3
 Orb of Destruction       Conj           0%         9d5       100%        7
 Spellforged Servitor     Conj/Summ      0%         N/A       100%        7


Dungeon Overview and Level Annotations

Branches:
Dungeon (3/15)

Altars:


Innate Abilities, Weirdness & Mutations

You are immune to sickness and miasma.
Your stone body is resilient. (AC +3)
You are immune to poison.
You resist negative energy. (rN+)
You are resistant to electric shocks. (rElec)
You are resistant to unholy torment.
You are immune to petrification.


Message History

The gnoll hits you from afar with a +0 spear.
You closely miss the jackal.
The jackal bites you but does no damage.
The jackal bites you. The gnoll hits you but does no damage.
You hit the jackal but do no damage. The jackal bites you.
The gnoll hits you from afar with a +0 spear.
You block the jackal's attack.
You closely miss the jackal.
The jackal bites you but does no damage.
The gnoll misses you. You block the jackal's attack.
The gnoll hits you but does no damage.
You slash the jackal!
You kill the jackal!
A gnoll comes into view. It is wielding a +0 whip.
The gnoll hits you but does no damage.
Found a sling.
The gnoll shouts!
The gnoll misses you.
You see here a jackal corpse.
You barely miss the gnoll. The gnoll hits you with a +0 spear.
A gnoll comes into view. It is wielding a +0 sling.
You block the gnoll's attack.
The gnoll shouts!
You slash the gnoll!
You kill the gnoll!
Your Axes skill increases to level 3!
Found a stone staircase leading down.
The gnoll barely misses you.
You closely miss the gnoll. The gnoll hits you with a +0 whip.
You are too injured to fight recklessly!
You are too injured to fight recklessly!
The gnoll shoots a sling bullet.
The sling bullet hits you. The gnoll hits you but does no damage.
You see here a jackal corpse.
The gnoll attacks as you move away! The gnoll hits you with a +0 whip.
* * * LOW HITPOINT WARNING * * *
The gnoll shoots a sling bullet.
The sling bullet hits you but does no damage.
There is a stone staircase leading up here.
The gnoll hits you with a +0 whip.
You die...

#...!.####
#........#
#........# #
#.......$#.# #
#........#.#.#.
#..............
####...^.†).......
#.......$g.g......
#.?.....@##....[.>
#........# #....#.
#........# ...##
#........# .)..
#........# #####
#.......!#
##########


You could see 2 gnolls.

Vanquished Creatures
  A gnoll (D:3)
  A dart slug (D:1)
  4 orcs (D:2)
  4 bats
  5 endoplasms
  3 giant cockroaches
  8 goblins
  4 hobgoblins
  6 jackals
  4 kobolds
  3 quokkas
  7 ball pythons
  10 frilled lizards
  8 rats
68 creatures vanquished.

Notes
Turn   | Place    | Note
-------+----------+-------------------------------------------
     0 | D:1      | bande the Gargoyle Fighter began the quest for the Orb.
     0 | D:1      | Reached XP level 1. HP: 14/14 MP: 1/1
    86 | D:1      | Reached XP level 2. HP: 19/19 MP: 2/2
   298 | D:1      | Reached XP level 3. HP: 24/24 MP: 3/3
   872 | D:2      | Reached XP level 4. HP: 12/29 MP: 4/4
  1544 | D:3      | Slain by a gnoll

Illustrated notes

Levels and vault maps discovered:
D:1:      psy_arrival_spokes, layout_basic, minivault_24, minmay_unequal
D:2:      layout_basic
D:3:      layout_basic, amcnicky_mini_rare_corridor_liquid

Skill      XL: |  1  2  3  4 |
---------------+-------------+-----
Axes           | 2 3 |  3.0
Fighting       | |  3.9
Armour         | |  3.7
Shields        | |  3.8

Action                   |  1- 3 |  4- 6 || total
-------------------------+-------+-------++-------
Melee: War axe           |   109 |    44 ||   153
Armor: Scale mail        |    63 |    32 ||    95
Dodge: Dodged            |    52 |    21 ||    73
Block: Buckler           |    31 |    12 ||    43

Table legend: (Time is in decaauts)
 A = Elapsed time spent in this place.
 B = Non-inter-level travel time spent in this place.
 C = Inter-level travel time spent in this place.
 D = Time resting spent in this place.
 E = Time spent auto-exploring this place.
 F = Levels seen in this place.
 G = Mean time per level.
                   A        B        C        D        E       F      G
               +--------+--------+--------+--------+--------+-----+--------+
         Total |   1609 |   1609 |      0 |     65 |   1138 |   3 |  536.3 |
       Dungeon |   1609 |   1609 |      0 |     65 |   1138 |   3 |  536.3 |
               +--------+--------+--------+--------+--------+-----+--------+

Top non-repeatable levels by time:
     D:2: 804 daAuts
     D:1: 774 daAuts
     D:3: 30 daAuts
